 Dungeon Crawl Stone Soup version 0.19.0-24-gb05acd6 (webtiles) character file.

31 smedtjen the Firebug (level 3, 0/21 HPs)
             Began as a High Elf Fire Elementalist on Nov 20, 2016.
             Slain by a jackal (2 damage)
             ... on level 1 of the Dungeon.
             The game lasted 00:04:37 (1273 turns).

smedtjen the Firebug (High Elf Fire Elementalist)   Turns: 1273, Time: 00:04:38

Health: 0/21       AC:  6    Str:  7    XL:     3   Next: 7%
Magic:  0/8        EV: 10    Int: 19    God:
Gold:   23         SH:  0    Dex: 16    Spells: 2 memorised, 4 levels left

rFire  + . .     SeeInvis .     n - +1 short sword (drain)
rCold  + + .     Gourm    .     q - +1 ring mail {rC+}
rNeg   . . .     Faith    .     (no shield)
rPois  +         Spirit   .     (no helmet)
rElec  +         Reflect  .     (no cloak)
rCorr  +         Harm     .     (no gloves)
MR     .....                    (no boots)
Stlth  ++........               (no amulet)
                                (no ring)
                                (no ring)

@: resistant, very slightly contaminated
A: no striking features
a: no special abilities


You were on level 1 of the Dungeon.
You were not hungry.

You visited 1 branch of the dungeon, and saw 1 of its levels.

You collected 23 gold pieces.

Inventory:

Hand Weapons
 e - a +0 dagger
 n - a +1 short sword of draining (weapon)
Missiles
 f - 5 tomahawks (quivered)
 h - 10 arrows
Armour
 a - a +0 robe
 m - a +0 leather armour
 q - a +1 ring mail of cold resistance (worn)
Scrolls
 j - a scroll of random uselessness {unknown}
 k - a scroll of enchant weapon {unknown}
 l - a scroll of amnesia {unknown}
 o - a scroll of teleportation {unknown}
 p - a scroll of fear {unknown}
Potions
 i - 2 potions of agility
 r - a potion of heal wounds {unknown}
Books
 b - a book of Flames

   Spells                             Type                      Level
   a - Flame Tongue                   Conjuration/Fire             1
   b - Throw Flame                    Conjuration/Fire             2
   c - Conjure Flame                  Conjuration/Fire             3
   d - Inner Flame                    Hexes/Fire                   3
   e - Sticky Flame                   Conjuration/Fire             4
   f - Fireball                       Conjuration/Fire             5
Comestibles
 c - 2 bread rations
 g - 4 chunks of flesh


   Skills:
 + Level 0.2 Short Blades
 + Level 0.2 Throwing
 + Level 2.3 Dodging
 + Level 2.2 Stealth
 + Level 2.9 Spellcasting
 + Level 1.2 Conjurations
 + Level 3.6 Fire Magic


You had 4 spell levels left.
You knew the following spells:

 Your Spells              Type           Power        Failure   Level  Hunger
a - Flame Tongue          Conj/Fire      ##...        21%         1    None
b - Throw Flame           Conj/Fire      ##....       34%         2    ##.....


Dungeon Overview and Level Annotations

Branches:
Dungeon (1/15)

Altars:


Message History

The jackal bites you but does no damage.
The jackal bites you but does no damage.
The jackal bites you but does no damage.
The jackal seems less drained.
The jackal bites you but does no damage.
Casting: Flame Tongue
Confirm with . or Enter, or press ? or * to list all spells.
Aiming: Flame Tongue
Press: ? - help, Shift-Dir - straight line, f/p - jackal
Aim: a jackal You miscast Flame Tongue.
Nothing appears to happen.
The jackal bites you.
* * * LOW HITPOINT WARNING * * *
The jackal bites you but does no damage.
You hit the jackal.
The jackal is almost dead.
The jackal bites you but does no damage.
You barely miss the jackal.
The jackal is almost dead.
The jackal completely misses you. The jackal bites you.
You die...

### ####
#.#####.#.
#.......#.
#.#.....#.
#########.#.##..#.
#...).....#.##..#.
#.#########.##..#.
#.# #.....#.##....
#@# #.....#.##.##.
#h# #.....'.....#.
#.# #.....##.#..#.
#.# #...........#.
#.# #......#.##.#.
#.###......# # .#.
#...†....#.# .##
##########.# .# #


You could see a jackal.

Vanquished Creatures
  2 dart slugs (D:1)
  A leopard gecko (D:1)
  A giant cockroach (D:1)
  3 goblins (D:1)
  A hobgoblin (D:1)
  6 jackals (D:1)
  A ball python (D:1)
  3 bats (D:1)
  2 frilled lizards (D:1)
  3 kobolds (D:1)
  2 rats (D:1)
25 creatures vanquished.

Notes
Turn   | Place    | Note
-------+----------+-------------------------------------------
     0 | D:1      | smedtjen the High Elf Fire Elementalist began the quest for the Orb.
     0 | D:1      | Reached XP level 1. HP: 11/11 MP: 4/4
   342 | D:1      | Reached XP level 2. HP: 15/17 MP: 0/6
   346 | D:1      | Learned a level 2 spell: Throw Flame
  1254 | D:1      | Reached XP level 3. HP: 10/21 MP: 4/8
  1273 | D:1      | Slain by a jackal

Action                   || total
-------------------------++-------
Melee: Dagger            ||    11
       Short sword       ||    13
Throw: Tomahawk          ||     3
 Cast: Flame Tongue      ||    30
       Throw Flame       ||     5
  Use: Scroll            ||     3
       Potion            ||     1
  Eat: Fruit             ||     2
Armor: Robe              ||     9
       Ring mail         ||    25
Dodge: Dodged            ||    57
